cohdb
Replays
Latest Replays
All Replays
Popular Replays
Top Player Replays
Match Explorer
How It Works
Community
CoH3 Stats
Reddit
Sign in to upload your games and track your stats! →
Sign in with Steam
Match 47259497
Unlisted
Match 47259497
Overview
Messages
Build Orders
End
Selects Airborne Battlegroup
Selects Pathfinders
Pathfinder Squad
Construct Weapon Support Center
Pathfinder Squad
Sniper
Selects Smoke Bombing Run
M1919 Machine Gun Team
Infantry Support Center
Construct Medical Station
Selects Paratrooper Squad Paradrop
Paratrooper Squad Paradrop
Bazooka Squad
Improved M9 Bazooka Rockets
M3 Armored Personnel Carrier
Advanced Logistics
M3 Armored Personnel Carrier
Engineer Squad
M1919 Machine Gun Team
M1919 Machine Gun Team
Smoke Bombing Run
Construct Tank Depot
Boneless
Dungeon Master
Empty_Can
demKoenig
0
0
Comments
sign in to comment!
No comments posted yet!